AoeStats
← zlt1900

Arena

509535601Analyzed
1v1 RM · 4d ago on Sep 27, 2026· 82m 42s· 2 players
Game mode
Random Map
Map size
Tiny (2 player)
Population
200
Speed
Normal
Resources
Standard
Victory
Conquest
Starting age
Dark Age
Ending age
Imperial Age
RankedLock teamsTeams togetherTeam positionsShared explorationLock speedFull tech treeHidden civsTurbo modeCheats
Victory
Defeat
🇺🇸 Bohemians · United States
554
+18
🇨🇳 Byzantines · China
489
-13
zlt1900
12:49 Feudal Age
14:00 Double-Bit Axe
14:22 Horse Collar
21:15 Castle Age
20:52 Padded Archer Armor
20:43 Fletching
22:50 Bow Saw
22:38 Stone Mining
22:45 Gold Mining
31:19 Husbandry
31:41 Scale Barding Armor
31:47 Forging
31:38 Scale Mail Armor
33:09 Heavy Plow
36:50 Imperial Age
37:53 Wheelbarrow
37:20 Cavalier
38:25 Chain Barding Armor
38:21 Chain Mail Armor
38:42 Iron Casting
39:20 Hand Cart
39:47 Squires
39:37 Gambesons
39:39 Arson
39:16 Elite Varangian Guard
41:22 Chemistry
40:44 Ballistics
40:47 Murder Holes
42:29 Conscription
42:22 Logistica
42:26 Elite Cataphract
44:54 Plate Barding Armor
44:49 Plate Mail Armor
47:01 Onager
47:49 Light Cavalry
53:00 Paladin
53:01 Hussar
61:17 Leather Archer Armor
60:58 Bodkin Arrow
64:06 Thumb Ring
63:21 Crossbowman
65:27 Arbalester
66:11 Bracer
66:42 Ring Archer Armor
68:57 Elite Skirmisher
Nozdromu
10:30 Feudal Age
11:01 Double-Bit Axe
14:42 Wheelbarrow
13:57 Horse Collar
20:15 Castle Age
21:53 Bow Saw
21:47 Heavy Plow
24:35 Hand Cart
28:54 Fletching
29:10 Scale Barding Armor
29:06 Padded Archer Armor
29:17 Forging
32:01 Chemistry
33:33 Wagenburg Tactics
34:00 Fortified Wall
34:03 Masonry
33:50 Murder Holes
37:37 Imperial Age
34:56 Loom
35:00 Town Watch
36:31 Ballistics
37:01 Iron Casting
36:22 Bodkin Arrow
36:48 Chain Barding Armor
36:40 Scale Mail Armor
36:55 Leather Archer Armor
38:15 Elite Hussite Wagon
38:18 Capped Ram
39:25 Arrowslits
40:11 Architecture
39:51 Siege Engineers
40:18 Architecture
41:04 Town Patrol
42:38 Houfnice
44:03 Arrowslits
47:42 Bombard Tower
47:20 Guard Tower
48:42 Two-Man Saw
50:30 Light Cavalry
51:13 Husbandry
53:14 Blast Furnace
52:34 Chain Barding Armor
52:15 Bracer
52:38 Chain Barding Armor
52:19 Scale Mail Armor
52:49 Ring Archer Armor
52:14 Pikeman
52:54 Squires
56:59 Halberdier
57:33 Elite Skirmisher
60:43 Chain Mail Armor
60:57 Conscription
61:18 Keep
67:05 Arson
68:31 Sappers
71:23 Capped Ram
73:35 Plate Mail Armor
Connection lost

Rejoining the realm…

Still unreachable

The connection could not be restored.

Session expired

The server has moved on; the page needs a fresh start.